 Dungeon Crawl Stone Soup version 0.31-a0-544-gceb718ecc6 (webtiles) character file.

Game seed: 1464021371753771192

693 LustLizard the Ruffian (level 7, -15/38 HPs)
             Began as an Octopode Shapeshifter on Aug 16, 2023.
             Was an Initiate of Hepliaklqana.
             Demolished by an ogre
             ... wielding a +0 giant club
              (33 damage)
             ... on level 5 of the Dungeon.
             The game lasted 00:10:04 (4184 turns).

LustLizard the Ruffian (Octopode Shapeshifter)      Turns: 4184, Time: 00:10:04

Health: -15/38     AC:  1    Str: 14    XL:     7   Next: 64%
Magic:  7/7        EV: 13    Int: 12    God:    Hepliaklqana [......]
Gold:   175        SH:  0    Dex: 13    Spells: 6/6 levels left

rFire   . .          .
                       - Unarmed
rCold   . . .        (shield currently unavailable)
rNeg    . . .        (helmet restricted)
rPois   .            f - amulet of magic regeneration
rElec   .            n - +4 ring of slaying
rCorr   .            (no ring)
SInv    .            (no ring)
Will    .....        (no ring)
Stlth   ++           (no ring)
HPRegen 0.26/turn    (no ring)
MPRegen 0.50/turn    (no ring)
                     (no ring)

%: no passive effects
@: flux-form, glowing
A: glow, contaminating, reduced hp, almost no armour, amphibious, 8 rings,
camouflage 1, gelatinous body 1, (nimble swimmer 1), tentacles
a: Begin Untransformation, Renounce Religion


You were on level 5 of the Dungeon.
You worshipped Hepliaklqana.
Hepliaklqana was noncommittal.
You were something dangerously unstable.
You visited 2 branches of the dungeon, and saw 6 of its levels.

You collected 230 gold pieces.
You spent 55 gold pieces at shops.

Inventory:

Missiles
 q - 3 poisoned darts (quivered)
Jewellery
 f - an amulet of magic regeneration (around mantle)
 n - a +4 ring of slaying (left tentacle)
 o - a ring of magical power
Talismans
 b - a beast talisman
 c - a flux talisman (active)
Wands
 u - a wand of flame (19)
Scrolls
 d - 2 scrolls of immolation
 e - a scroll of butterflies {unknown}
 g - a scroll of amnesia {unknown}
 i - a scroll of noise {unknown}
 j - 5 scrolls of teleportation {unknown}
 l - 2 scrolls of silence
 m - a scroll of enchant armour
 t - 2 scrolls of fog {unknown}
 v - a scroll of blinking
Potions
 a - a potion of lignification
 h - 2 potions of attraction
 k - a potion of haste
 p - a potion of ambrosia
 r - 3 potions of curing
 s - 3 potions of heal wounds


   Skills:
 + Level 3.6 Fighting
 - Level 2.7 Dodging
 + Level 4.3 Stealth
 * Level 5.7 Unarmed Combat
 + Level 4.2 Shapeshifting


You had 6 spell levels left.
You didn't know any spells.
Your spell library contained the following spells:

 Spells                   Type           Power      Damage    Failure   Level
 Apportation              Tloc           0%         N/A       32%         1
 Necrotise                Necr           0%         1d4       32%         1
 Summon Small Mammal      Summ           0%         N/A       32%         1
 Frozen Ramparts          Ice            0%         1d1       69%         3
 Vampiric Draining        Necr           0%         2d6       69%         3
 Petrify                  Tmut/Erth      0%         N/A       97%         4
 Agony                    Necr           0%         N/A       100%        5
 Metabolic Englaciation   Hex/Ice        0%         N/A       100%        5


Dungeon Overview and Level Annotations

Branches:
Dungeon (5/15)             Temple (1/1) D:5

Altars:
Ashenzari
Gozag
Hepliaklqana
Kikubaaqudgha
Makhleb
Nemelex Xobeh
Okawaru
Qazlal
Ru
Sif Muna
Uskayaw
Vehumet
Xom
Yredelemnul
Zin
The Shining One

Shops:
D:5 !

Annotations:
D:4 Dowan, Duvessa, Edmund
D:5 Menkaure


Innate Abilities, Weirdness & Mutations

You are something dangerously unstable.
You glow with magical radiation, making you easy to see and hit.
Foes you strike become dangerously contaminated with magical radiation.
Your maximum health is decreased, since you lack skill for your form.
You are incapable of wielding weapons or throwing items.
You cannot wear most types of armour.
You are amphibious.
You can wear up to eight rings at the same time.
Your skin changes colour to match your surroundings (Stealth+).
Your rubbery body absorbs attacks. (AC +1, EV +1)
((You are camouflaged when in or above water. (Stealth+)))
You have tentacles for arms and can constrict up to eight enemies at once.


Message History

a +5 club; a +0 leather armour of willpower You start resting.
A white imp is nearby!
The white imp puffs mist at you. The white imp hits you.
The white imp freezes you.
Things that are here:
a +5 club; a +0 leather armour of willpower You tentacle-slap the white imp.
The white imp begins to glow.
You grab the white imp.
The white imp is lightly wounded.
You constrict the white imp. You tentacle-slap the white imp.
The white imp glows dangerously bright.
The white imp is heavily wounded.
You constrict the white imp. The white imp barely misses you.
You tentacle-slap the white imp.
You kill the white imp!
You start resting.
HP restored.
r - 3 potions of curing (gained 2)
You now have 137 gold pieces (gained 10).
v - a scroll labelled JUYCUACSIPSI
Found 5 stones.
You now have 148 gold pieces (gained 11).
You now have 175 gold pieces (gained 27).
Found a stone staircase leading down.
d - 2 scrolls of immolation (gained 1)
w - a scroll of identify
As you read the scroll of identify, it crumbles to dust.
v - a scroll of blinking
j - 5 scrolls labelled SUXKIS VAWIMY (gained 2)
You see here an adder skeleton.
An ogre is nearby!
You barely miss the ogre.
The ogre hits you with a +0 giant club!!
Ouch! That really hurt!
You tentacle-slap the ogre.
The ogre begins to glow.
The ogre is lightly wounded.
The ogre hits you with a +0 giant club!!
Ouch! That really hurt!
You die...

#....#..... ### ##........#
##.## ##...##### #...###
#####.## #.
#...#.#####.....#####.
##..#.##.........#.#..
.##....รท.....##..#......
.......#..##....####..#...
.......#.B.#.....####.###.
#.........O.#...........##.
###...........##....#.#####
#..........##.....#######
##..........###....###...
........................
...............##.......
...##...........#.......
..............####......


You could see an ogre (contam).

Vanquished Creatures
  2 ogres (D:4)
  3 lemures
  A phantom (D:5)
  A scorpion (D:5)
  3 hounds
  A jelly (D:5)
  Ijyb (D:5)
  An iguana (D:4)
  Robin (D:3)
  3 gnolls (D:4)
  8 adders
  A shadow imp (D:5)
  A white imp (D:5)
  An ufetubus (D:4)
  2 worms
  6 dart slugs
  7 orcs
  5 ball pythons
  6 endoplasms
  5 giant cockroaches
  7 goblins
  10 hobgoblins
  8 kobolds
  4 quokkas
  3 bats
  2 frilled lizards (D:2)
  2 rats
95 creatures vanquished.

Notes
Turn   | Place    | Note
-------+----------+-------------------------------------------
     0 | D:1      | LustLizard the Octopode Shapeshifter began the quest for
                  | the Orb.
     0 | D:1      | Reached XP level 1. HP: 13/13 MP: 1/1
   351 | D:1      | Reached XP level 2. HP: 12/18 MP: 2/2
   385 | D:1      | Found a faded altar of an unknown god.
   717 | D:2      | Reached XP level 3. HP: 16/23 MP: 3/3
  1070 | D:2      | Reached XP level 4. HP: 21/29 MP: 4/4
  1441 | D:3      | Noticed Robin
  1452 | D:2      | Reached skill level 1 in Stealth
  1626 | D:3      | Killed Robin
  1702 | D:3      | Reached XP level 5. HP: 14/34 MP: 5/5
  1836 | D:3      | Reached skill level 4 in Unarmed Combat
  2359 | D:4      | Found a stormy altar of Qazlal.
  2406 | D:4      | Noticed Duvessa
  2406 | D:4      | Noticed Dowan
  2441 | D:4      | Found an ancient bone altar of Kikubaaqudgha.
  2564 | D:4      | Noticed Pikel
  2564 | D:4      | Noticed a lemure
  2564 | D:4      | Noticed a lemure
  2586 | D:4      | Noticed a lemure
  2587 | D:4      | Noticed a lemure
  2603 | D:3      | Killed a lemure
  2672 | D:4      | Reached XP level 6. HP: 23/41 MP: 6/6
  3134 | D:4      | Found a glowing golden altar of the Shining One.
  3135 | D:4      | Noticed Edmund
  3296 | D:5      | Entered Level 5 of the Dungeon
  3296 | D:5      | Found a staircase to the Ecumenical Temple.
  3309 | Temple   | Entered the Ecumenical Temple
  3328 | Temple   | Became a worshipper of Hepliaklqana the Forgotten
  3361 | D:5      | Reached skill level 5 in Unarmed Combat
  3467 | D:5      | Noticed Ijyb
  3476 | D:5      | Reached XP level 7. HP: 31/46 MP: 7/7
  3645 | D:5      | Found Ochaliss's Distillery.
  3648 | D:5      | Bought a potion of heal wounds for 55 gold pieces
  3653 | D:5      | Noticed Menkaure
  3867 | D:5      | Killed Ijyb
  4184 | D:5      | Demolished by an ogre

Illustrated notes

Levels and vault maps discovered:
D:1:      scummos_arrival_gate, layout_rooms,
          hellmonk_ecumenical_altar_inner_sanctum
D:2:      layout_loops_ring
D:3:      layout_loops_ring, uniq_robin
D:4:      layout_cave_pools, grunt_qazlal_sundering, general_overflow_altar,
          nicolae_tso_swordbearing_angel, uniq_edmund, uniq_pikel, uniq_duvessa
D:5:      layout_cave_pools, minmay_temple_entry_gardened_gates, serial_shops,
          nicolae_stop_n_shop_1, uniq_ijyb, uniq_menkaure
Temple:   hellmonk_temple_forest_ring

Skill      XL: |  1  2  3  4  5  6  7 |
---------------+----------------------+-----
Fighting       | 2 3 |  3.6
Stealth        | 1 2 3 4 |  4.3
Unarmed Combat | 4 5 |  5.7
Shapeshifting  | 4 |  4.2
Dodging        | |  2.7

Action                     |  1- 3 |  4- 6 |  7- 9 || total
---------------------------+-------+-------+-------++-------
  Melee: Unarmed           |    59 |   151 |    26 ||   236
         Constrict         |    22 |    46 |     7 ||    75
         Tentacles         |    16 |    45 |     5 ||    66
    Use: Potion            |     2 |       |       ||     2
         Scroll            |       |     6 |     2 ||     8
   Stab: Sleeping          |     2 |     1 |       ||     3
         Distracted        |       |     1 |       ||     1
 Armour: Skin              |     5 |     8 |     1 ||    14
  Dodge: Dodged            |    34 |    69 |    15 ||   118
   Form: Flux              |     1 |       |       ||     1

Table legend: (Time is in decaauts)
 A = Elapsed time spent in this place.
 B = Non-inter-level travel time spent in this place.
 C = Inter-level travel time spent in this place.
 D = Time resting spent in this place.
 E = Time spent auto-exploring this place.
 F = Levels seen in this place.
 G = Mean time per level.
                   A        B        C        D        E       F      G
               +--------+--------+--------+--------+--------+-----+--------+
         Total |   4169 |   4000 |    169 |    774 |   2255 |   6 |  694.8 |
       Dungeon |   4132 |   3998 |    134 |    774 |   2255 |   5 |  826.4 |
        Temple |     37 |      2 |     35 |      0 |      0 |   1 |   37.0 |
               +--------+--------+--------+--------+--------+-----+--------+

Top non-repeatable levels by time:
     D:4: 1132 daAuts
     D:3: 849 daAuts
     D:2: 834 daAuts
     D:1: 701 daAuts
     D:5: 614 daAuts
  Temple: 37 daAuts
